 Dungeon Crawl Stone Soup version 0.28.0-43-g3370ac3207 (webtiles) character file.

Game seed: 9041392363444959924

14876 Orthodox the Earth Mage (level 12, 0/59 HPs)
             Began as a Gargoyle Earth Elementalist on Mar 15, 2022.
             Was a Priest of Vehumet.
             Slain by a blink frog (5 damage)
             ... on level 8 of the Dungeon.
             The game lasted 00:56:55 (15863 turns).

Orthodox the Earth Mage (GrEE)                     Turns: 15863, Time: 00:56:56

Health: 0/59       AC: 13    Str: 12    XL:     12   Next: 21%
Magic:  31/31      EV: 15    Int: 21    God:    Vehumet [***...]
Gold:   940        SH:  0    Dex: 10    Spells: 15/25 levels left

rFire   . . .      SeeInvis .   t - staff of conjuration
rCold   . . .      Faith    .   (no shield)
rNeg    + + .      Spirit   .   T - +2 robe {rN+}
rPois   ∞          Reflect  .   (no helmet)
rElec   +          Harm     .   (no cloak)
rCorr   .          Rampage  .   (no gloves)
Will    .....                   R - +0 pair of boots
Stlth   ++........              F - amulet of magic regeneration
HPRegen 0.19/turn               q - ring of magical power
MPRegen 0.62/turn               E - +4 ring of evasion

@: about to teleport
A: sickness immunity, AC +8, negative energy resistance 1, electricity
resistance, torment resistance 1, petrification resistance
a: Renounce Religion


You were on level 8 of the Dungeon.
You worshipped Vehumet.
Vehumet was most pleased with you.
You visited 3 branches of the dungeon, and saw 13 of its levels.
You also visited: Bailey.

You collected 940 gold pieces.

Inventory:

Hand Weapons
 h - a +0 vampiric whip
Missiles
 c - 207 stones
 n - 3 silver boomerangs
Armour
 b - a +0 robe
 H - +0 steam dragon scales
 K - the +7 plate armour "Zaenn" {MP+9}
   (You took it off an orc knight in a bailey)

   MP:        It affects your magic capacity (+9).
 N - a +2 ring mail of fire resistance
 R - a +0 pair of boots (worn)
 T - a +2 robe of positive energy (worn)
Magical Staves
 t - a staff of conjuration (weapon)
Jewellery
 p - a ring of protection from cold
 q - a ring of magical power (left hand)
 r - a ring of fire
 s - a ring of flight
 E - a +4 ring of evasion (right hand)
 F - an amulet of magic regeneration (around neck)
 Q - a +4 ring of evasion
 S - a +4 ring of protection
 V - a ring of magical power
Wands
 l - a wand of flame (6)
 u - a wand of charming (12)
 v - a wand of digging (3)
 y - a wand of polymorph (10)
 B - a wand of acid (10)
 J - a wand of iceblast (9)
Scrolls
 d - a scroll of magic mapping
 f - a scroll of holy word
 i - a scroll of noise
 m - 2 scrolls of enchant armour
 x - 2 scrolls of immolation
 A - a scroll of acquirement {unknown}
 C - 2 scrolls of teleportation
 D - a scroll of summoning {unknown}
 G - a scroll of brand weapon
 O - a scroll of fear {unknown}
 U - a scroll of enchant weapon {unknown}
Potions
 a - 8 potions of curing {@q1}
 e - 2 potions of haste {unknown}
 g - a potion of berserk rage {unknown}
 j - 2 potions of brilliance {unknown}
 k - 2 potions of lignification {unknown}
 o - 5 potions of might {unknown}
 w - 4 potions of heal wounds {unknown}
 z - 3 potions of degeneration {unknown}
 I - 2 potions of resistance {unknown}
 L - 3 potions of flight
 P - a potion of attraction {unknown}


   Skills:
 - Level 1.5 Dodging
 - Level 2.1 Stealth
 + Level 7.1 Spellcasting
 - Level 14.1 Conjurations
 - Level 1.5 Transmutations
 - Level 15.0 Earth Magic


You had 15 spell levels left.
You knew the following spells:

 Your Spells              Type           Power      Damage    Failure   Level
a - Sandblast             Erth           100%       2d20      0%          1
b - Passwall              Tmut/Erth      35%        N/A       1%          2
c - Stone Arrow           Conj/Erth      100%       3d13      1%          3
d - Petrify               Tmut/Erth      42%        N/A       3%          4

Your spell library contained the following spells:

 Spells                   Type           Power      Damage    Failure   Level
 Dazzling Flash           Conj/Hex       100%       N/A       1%          3
 Foxfire                  Conj/Fire      100%       2x1d9     1%          1
 Conjure Flame            Conj/Fire      53%        6-21      1%          3
 Flame Wave               Conj/Fire      53%        2d11      1%          4
 Inner Flame              Hex/Fire       7%         N/A       7%          3
 Gell's Gravitas          Tloc           7%         N/A       26%         3
 Lesser Beckoning         Tloc           7%         N/A       26%         3
 Teleport Other           Tloc           7%         N/A       26%         3


Dungeon Overview and Level Annotations

Branches:
Dungeon (11/15)            Temple (1/1) D:6            Lair (1/6) D:9
    Orc (0/2) D:10         Bailey (visited)

Altars:
Ashenzari
Cheibriados
Dithmenos
Elyvilon
Fedhas
Gozag
Hepliaklqana
Kikubaaqudgha
Makhleb
Nemelex Xobeh
Okawaru
Qazlal
Ru
Sif Muna
Trog
Uskayaw
Vehumet
Wu Jian
Xom
Yredelemnul
Zin
The Shining One
Beogh
Jiyva

Shops:
D:4 :[=[

Portals:
Trove: D:10 (give 17 potions of curing)

Annotations:
D:10 2 transporters
D:11 Nergalle


Innate Abilities, Weirdness & Mutations

You are immune to sickness and miasma.
Your stone body is resilient. (AC +8)
You are immune to poison.
You resist negative energy. (rN+)
You are resistant to electric shocks. (rElec)
You are resistant to unholy torment.
You are immune to petrification.


Message History

a +0 chain mail; a +0 hand axe; a +0 hand axe You take 6 damage, and have 24/59 hp.
The blink frog blinks!
The water moccasin closely misses you.
The blink frog blinks!
The bullfrog hits you but does no damage.
The blink frog blinks!
The water moccasin barely misses you.
The water moccasin bites you but does no damage.
The cane toad stings you.
You take 1 damage, and have 25/59 hp.
The blink frog blinks!
The bullfrog releases a deep croak.
The blink frog blinks!
The blink frog hits you.
You take 6 damage, and have 19/59 hp.
The blink frog blinks! x2
There is a stone staircase leading up here.
The bullfrog barely misses you. The cane toad stings you!
* * * LOW HITPOINT WARNING * * *
The blink frog misses you.
You climb upwards.
There is a stone staircase leading down here.
You take 13 damage, and have 7/59 hp.
MASSIVE DAMAGE!!
Unknown command.
Unknown command.
Unknown command.
Okay, then.
It was a potion of curing.
You feel better. The bullfrog closely misses you.
The blink frog closely misses you. The cane toad barely misses you.
The bullfrog closely misses you. The blink frog completely misses you.
You regained 11 hp, and now have 18/59 hp.
Unknown command.
Okay, then.
Unknown command.
Okay, then.
As you read the scroll of teleportation, it crumbles to dust.
You feel strangely unstable. The cane toad stings you!
* * * LOW HITPOINT WARNING * * *
The bullfrog barely misses you. The blink frog hits you.
You die...

#...# #.#.#..............
#.#.# #.#.#.#############
#.#.#######.#.#.####### ##
#.#......##.#.#.#.....######.
#.#......##.#.#.#............
#........#....#.#............
#....###......#.#............
##.)..###....F.#.#............
#...........F@F(.........(....
#..............#.####.....##..
#...........#..#..#...........
#......##...#..##.#.#.....#...
#......##...#.......#.....#...
#......######.......###.#.#...
####.###...##.......# #.......
#.###...##..#.##.###.......
###..........................


You could see a cane toad, a blink frog and a bullfrog.

Vanquished Creatures
  3 two-headed ogres
  2 orc knights (Bailey)
  3 centaur zombies (D:10)
  2 cane toads (Lair:1)
  Maggie (D:7)
  An unseen horror (D:10)
  A komodo dragon (D:10)
  A troll (D:11)
  A guardian mummy (D:10)
  A hornet (D:7)
  7 blink frogs
  Prince Ribbit (D:6)
  A wraith (D:10)
  9 yaks
  Grum (D:9)
  2 wyverns
  A basilisk (Lair:1)
  3 vampire mosquitoes (D:10)
  A steam dragon (D:7)
  3 water moccasins
  An acid dragon (D:10)
  An ice beast (D:8)
  A black bear (D:4)
  9 orc warriors
  4 sky beasts
  3 ogres
  4 wolves (D:9)
  5 centaurs
  2 phantoms
  2 kobold brigands
  A water moccasin zombie (D:6)
  4 bullfrogs
  A scorpion (D:5)
  10 howler monkeys
  8 wights
  4 crimson imps (D:6)
  2 bullfrog skeletons (D:6)
  2 hounds (D:6)
  3 orc priests
  4 jellies
  4 iguanas
  5 orc wizards
  A hell rat (D:9)
  A howler monkey zombie (D:7)
  A river rat (D:9)
  4 adders
  2 gnolls (Bailey)
  3 shadow imps
  An ufetubus (D:6)
  3 worms (D:2)
  5 dart slugs
  29 orcs
  5 ball pythons
  3 bats
  6 endoplasms
  3 giant cockroaches
  10 hobgoblins
  A jackal (D:2)
  25 kobolds
  4 quokkas
  4 frilled lizards (D:2)
  16 goblins
  7 rats
259 creatures vanquished.

Vanquished Creatures (collateral kills)
  An orc knight (Bailey)
1 creature vanquished.

Vanquished Creatures (others)
  2 fungi (Lair:1)
  2 plants (Lair:1)
4 creatures vanquished.

Grand Total: 264 creatures vanquished

Notes
Turn   | Place    | Note
-------+----------+-------------------------------------------
     0 | D:1      | Orthodox the Gargoyle Earth Elementalist began the quest
                  | for the Orb.
     0 | D:1      | Reached XP level 1. HP: 10/10 MP: 3/3
   210 | D:1      | Reached XP level 2. HP: 15/15 MP: 1/5
   221 | D:1      | Reached skill level 4 in Earth Magic
   827 | D:1      | Reached XP level 3. HP: 14/19 MP: 3/6
  1200 | D:1      | Found a faded altar of an unknown god.
  1886 | D:2      | Reached XP level 4. HP: 24/24 MP: 3/8
  2242 | D:2      | Reached skill level 5 in Earth Magic
  2360 | D:2      | Learned a level 2 spell: Passwall
  2364 | D:2      | Learned a level 3 spell: Stone Arrow
  2482 | D:2      | Noticed an ogre
  2652 | D:2      | Killed an ogre
  2653 | D:2      | Reached XP level 5. HP: 28/28 MP: 3/10
  2986 | D:3      | Learned a level 4 spell: Petrify
  3445 | D:3      | Found a faded altar of an unknown god.
  3450 | D:3      | Found a blossoming altar of Fedhas.
  3913 | D:3      | Reached skill level 6 in Earth Magic
  3913 | D:3      | Reached XP level 6. HP: 32/32 MP: 10/12
  3989 | D:3      | Reached skill level 1 in Conjurations
  3989 | D:3      | Reached skill level 1 in Transmutations
  4387 | D:4      | Noticed a black bear
  4573 | D:4      | Killed a black bear
  4574 | D:4      | Reached XP level 7. HP: 9/36 MP: 0/13
  5083 | D:4      | Found Nagh's Armour Shoppe.
  5083 | D:4      | Found Gicle's Antique Armour Shoppe.
  5083 | D:4      | Found Iclicuas's Jewellery Shoppe.
  5084 | D:4      | Found Dorilid's Book Shoppe.
  5091 | D:4      | Reached skill level 7 in Earth Magic
  5545 | D:5      | Entered Level 5 of the Dungeon
  6368 | D:6      | Noticed Prince Ribbit
  6373 | D:6      | Killed Prince Ribbit
  6374 | D:6      | Reached skill level 5 in Conjurations
  6374 | D:6      | Reached skill level 8 in Earth Magic
  6374 | D:6      | Reached XP level 8. HP: 41/41 MP: 13/14
  6711 | D:6      | Reached skill level 9 in Earth Magic
  6812 | D:6      | Found a staircase to the Ecumenical Temple.
  6826 | Temple   | Entered the Ecumenical Temple
  7138 | Temple   | Became a worshipper of Vehumet
  7184 | D:6      | Noticed a two-headed ogre
  7354 | D:6      | Found a snail-covered altar of Cheibriados.
  7528 | D:6      | Killed a two-headed ogre
  7529 | D:6      | Reached skill level 10 in Earth Magic
  7529 | D:6      | Reached XP level 9. HP: 45/45 MP: 13/15
  7588 | D:6      | Found a shimmering altar of Xom.
  7757 | D:6      | Reached skill level 11 in Earth Magic
  7999 | D:7      | Noticed a hornet
  8203 | D:7      | Noticed Maggie
  8280 | D:7      | Killed Maggie
  8415 | D:7      | Reached skill level 12 in Earth Magic
  8415 | D:7      | Reached XP level 10. HP: 50/50 MP: 16/16
  8436 | D:7      | Reached * piety under Vehumet
  8436 | D:7      | Offered knowledge of Freeze by Vehumet.
  8660 | D:7      | Reached skill level 10 in Conjurations
  9387 | D:8      | Noticed a two-headed ogre
  9391 | D:8      | Killed a two-headed ogre
  9401 | D:8      | Found a burning altar of Makhleb.
  9485 | D:8      | Reached skill level 13 in Earth Magic
  9514 | D:8      | Found a flagged portal.
  9519 | Bailey   | Entered a bailey
  9535 | Bailey   | Noticed an orc knight
  9557 | Bailey   | Identified the +7 plate armour "Zaenn" {MP+9}
  9557 | Bailey   | Noticed an orc knight
  9564 | Bailey   | Noticed an orc knight
  9608 | Bailey   | Killed an orc knight
  9789 | Bailey   | Killed an orc knight
 10773 | D:8      | Reached XP level 11. HP: 41/54 MP: 17/17
 10946 | D:8      | Reached skill level 5 in Spellcasting
 11003 | D:8      | Found a sparkling altar of Nemelex Xobeh.
 11013 | D:8      | Found an opulent altar of Gozag.
 11018 | D:8      | Found a broken altar of Ashenzari.
 11022 | D:8      | Found a stormy altar of Qazlal.
 11024 | D:8      | Found a basalt altar of Yredelemnul.
 11025 | D:8      | Found a glowing silver altar of Zin.
 11032 | D:8      | Found a sacrificial altar of Ru.
 11033 | D:8      | Found a glowing golden altar of the Shining One.
 11038 | D:8      | Reached ** piety under Vehumet
 11060 | D:8      | Offered knowledge of Scorch by Vehumet.
 11088 | D:8      | Reached skill level 14 in Earth Magic
 11479 | D:9      | Noticed a death yak
 11480 | D:9      | Noticed a death yak
 11799 | D:9      | Found a staircase to the Lair.
 11800 | D:9      | Noticed a two-headed ogre
 11936 | D:9      | Offered knowledge of Ignite Poison by Vehumet.
 11944 | D:9      | Noticed Grum
 11949 | D:9      | Killed Grum
 12241 | D:9      | Found an ornate altar of the Wu Jian Council.
 12282 | D:9      | Killed a two-headed ogre
 12284 | D:9      | Noticed a death yak
 12709 | Lair:1   | Entered Level 1 of the Lair of Beasts
 12734 | D:9      | Reached *** piety under Vehumet
 12759 | D:10     | Entered Level 10 of the Dungeon
 12929 | D:10     | Reached skill level 15 in Earth Magic
 13516 | D:10     | Found a transporter.
 13516 | D:10     | Found a viscous altar of Jiyva.
 13713 | D:10     | Found a staircase to the Orcish Mines.
 13870 | D:10     | Found a portal to a secret trove of treasure.
 14073 | D:10     | Found a transporter.
 14133 | D:10     | Noticed a great orb of eyes
 14483 | Lair:1   | Reached XP level 12. HP: 59/59 MP: 20/20
 14744 | Lair:1   | Offered knowledge of Dazzling Flash by Vehumet.
 15621 | D:11     | Noticed Nergalle
 15863 | D:8      | Slain by a blink frog

Illustrated notes

Levels and vault maps discovered:
D:1:      dpeg_arrival_morbid_curiosity, layout_loops_corners,
          hellmonk_ecumenical_altar_defaced_shrine
D:2:      minmay_recursive_quarters, layout_loops_ring, st_stairs_9,
          bh_walls_and_bars
D:3:      layout_basic, nicolae_overflow_ecumenical_swirl, minivault_19,
          kennysheep_nub, minivault_14
D:4:      layout_basic, minmay_shop_grid_forest
D:5:      layout_loops_ring, minivault_26, serial_bayou_pond_e, st_stairs_13,
          feat_on_display
D:6:      layout_loops_ring, cheibriados_altar_1, led_xom_imps,
          minmay_temple_entry_grid, roderic_serpentine_path, uniq_prince_ribbit1
D:7:      layout_rooms, chequers_serial_rivers_small_b, st_stairs_12,
          uniq_maggie
D:8:      layout_basic, lemuel_coloured_pillars_altar,
          nicolae_overflow_hallway_of_the_gods, enter_bailey_3
D:9:      layout_cave_pods, mainiacjoe_overflow_six_doors_small,
          dpeg_lair_monsters, uniq_grum
D:10:     gammafunk_jiyva_shrine, layout_basic, nicolae_trove_entry_path_of_doom
D:11:     layout_gridville, uniq_erica, uniq_nergalle
Temple:   jpeg_temple_island
Lair:1:   layout_chaotic_city, gammafunk_ghost_necromancy

Skill      XL: |  1  2  3  4  5  6  7  8  9 10 11 12 |
---------------+-------------------------------------+-----
Earth Magic    | 4 5 6 8 10 12 13 15 | 15.0
Spellcasting   | 3 4 5 7 |  7.1
Conjurations   | 3 5 7 9 11 14 | 14.1
Transmutations | 1 |  1.5
Dodging        | |  1.5
Stealth        | |  2.1

Action                   |  1- 3 |  4- 6 |  7- 9 | 10-12 || total
-------------------------+-------+-------+-------+-------++-------
Melee: Unarmed           |     6 |       |       |       ||     6
       Whip              |     1 |       |       |       ||     1
       Staff             |       |       |       |     2 ||     2
 Cast: Sandblast         |    47 |    73 |    18 |    32 ||   170
       Stone Arrow       |       |     5 |    86 |   253 ||   344
       Petrify           |       |       |       |     2 ||     2
Evoke: Wand              |       |       |       |     7 ||     7
  Use: Scroll            |       |       |     3 |     6 ||     9
       Potion            |       |       |       |     1 ||     1
Armor: Robe              |     2 |    13 |     5 |    47 ||    67
       Steam dragon scal |       |       |       |    31 ||    31
Dodge: Dodged            |    12 |    25 |    18 |   135 ||   190
